 Dungeon Crawl Stone Soup version 0.26-a0-712-ga5a9c9c9d0 (webtiles) character file.

Game seed: 5094390380726157297

74 kae the Ruffian (level 4, -4/38 HPs)
             Began as a Naga Transmuter on Nov 2, 2020.
             Slain by a gnoll
             ... wielding a +0 club
              (5 damage)
             ... on level 2 of the Dungeon.
             The game lasted 00:01:16 (1964 turns).

kae the Ruffian (Naga Transmuter)                   Turns: 1964, Time: 00:01:17

Health: -4/38      AC:  2    Str: 13    XL:     4   Next: 28%
Magic:  5/7        EV: 10    Int: 13    God:
Gold:   68         SH:  0    Dex: 12    Spells: 3/7 levels left

rFire    . . .     SeeInvis +     - Unarmed
rCold    . . .     Faith    .   (no shield)
rNeg     . . .     Spirit   .   a - +0 robe
rPois    +         Reflect  .   (no helmet)
rElec    .         Harm     .   (no cloak)
rCorr    .         Rampage  .   (no gloves)
MR       .....                  (no barding)
Stlth    +.........             (no amulet)
HPRegen  0.12/turn              (no ring)
MPRegen  0.10/turn              (no ring)

@: very slow
A: large, see invisible, deformed body, poison resistance, slowness 2, spit
poison 1, AC +1
a: Spit Poison


You were on level 2 of the Dungeon.
You visited 1 branch of the dungeon, and saw 2 of its levels.

You collected 68 gold pieces.

Inventory:

Armour
 a - a +0 robe (worn)
Scrolls
 b - 2 scrolls of remove curse
 d - a scroll of identify
Potions
 c - a potion of might
 e - a potion of resistance
 f - a potion of degeneration
 i - 2 potions of curing
 j - a potion of haste


   Skills:
 - Level 1.0 Fighting
 - Level 1.5 Dodging
 + Level 3.6 Unarmed Combat
 - Level 2.0 Spellcasting
 * Level 3.4 Transmutations
 * Level 2.1 Poison Magic


You had 3 spell levels left.
You knew the following spells:

 Your Spells              Type           Power        Failure   Level
a - Beastly Appendage     Tmut           ##....       6%          1
b - Spider Form           Tmut/Pois      #.........   24%         3

Your spell library contained the following spells:

 Spells                   Type           Power        Failure   Level
 Wereblood                Tmut           ##......     10%         2
 Ice Form                 Ice/Tmut       #.......     77%         4
 Blade Hands              Tmut           ##........   86%         5


Dungeon Overview and Level Annotations

Branches:
Dungeon (2/15)

Altars:


Innate Abilities, Weirdness & Mutations

You cannot wear boots.
Your serpentine skin is tough. (AC +1)
You have supernaturally acute eyesight. (SInv)
Armour fits poorly on your strangely shaped body.
Your system is resistant to poisons. (rPois)
You cover ground very slowly.
You can spit poison.


Message History

Unknown command.
Unknown command.
You struggle against the net.
The gnoll closely misses you. The gnoll hits you with a +0 club!
You struggle against the net.
The gnoll hits you from afar with a +0 halberd!
The gnoll hits you but does no damage.
You tear a large gash into the net.
The gnoll hits you from afar with a +0 halberd!
* * * LOW HITPOINT WARNING * * *
The gnoll hits you with a +0 club.
* * * LOW HITPOINT WARNING * * *
You shred the net and break free!
Your transformation has ended.
Your +0 robe unmelds from your body.
The gnoll hits you with a +0 club.
* * * LOW HITPOINT WARNING * * *
The gnoll misses you. The gnoll hits you with a +0 flail.
* * * LOW HITPOINT WARNING * * *
The gnoll hits you with a +0 club.
You die...

......... # ..#.#.##. #
#....... ## #.####...#.# ..
.#..÷.÷....##.#
####.##..........#
....#[.##....###
#..#..##....###
#..#.gg@......# #.
##....†#g#..##.#
##...###..#........##.....#
...g........##.....##.....#
............##..#.#.......#
............>.....#.#.....#
#....#.####.##............#
#....#. #.##.####.#######
#... #. #.# .#


You could see 3 gnolls.

Vanquished Creatures
  A gnoll (D:2)
  An adder (D:2)
  5 dart slugs (D:1)
  5 leopard geckos
  A giant cockroach (D:1)
  5 goblins
  4 hobgoblins (D:1)
  2 jackals (D:1)
  7 kobolds
  4 bats
  A frilled lizard (D:2)
  4 rats
40 creatures vanquished.

Notes
Turn   | Place    | Note
-------+----------+-------------------------------------------
     0 | D:1      | kae the Naga Transmuter began the quest for the Orb.
     0 | D:1      | Reached XP level 1. HP: 18/18 MP: 3/3
    87 | D:1      | Reached XP level 2. HP: 17/25 MP: 3/5
   762 | D:1      | Reached XP level 3. HP: 29/31 MP: 4/6
   767 | D:1      | Learned a level 3 spell: Spider Form
  1114 | D:1      | Reached skill level 1 in Poison Magic
  1574 | D:2      | Reached XP level 4. HP: 8/38 MP: 5/7
  1963 | D:2      | HP: 1/38 [gnoll/+0 flail (1)]
  1964 | D:2      | Slain by a gnoll

Illustrated notes

Levels and vault maps discovered:
D:1:      psy_arrival_basics, layout_basic
D:2:      layout_loops_cross, minivault_24, minmay_pentomino_q4

Skill      XL: |  1  2  3  4 |
---------------+-------------+-----
Transmutations | 3 |  3.4
Poison Magic   | 1 2 |  2.1
Fighting       | |  1.0
Dodging        | |  1.5
Unarmed Combat | |  3.6
Spellcasting   | |  2.0

Action                   |  1- 3 |  4- 6 || total
-------------------------+-------+-------++-------
Melee: Unarmed           |    92 |    21 ||   113
       Headbutt          |    10 |       ||    10
       Punch             |     1 |       ||     1
 Cast: Beastly Appendage |    19 |     1 ||    20
       Spider Form       |       |     1 ||     1
 Abil: Spit Poison       |     9 |       ||     9
  Use: Scroll            |     8 |       ||     8
Armor: Robe              |    11 |    11 ||    22
       Skin              |       |     2 ||     2
Dodge: Dodged            |    48 |    17 ||    65

Table legend: (Time is in decaauts)
 A = Elapsed time spent in this place.
 B = Non-inter-level travel time spent in this place.
 C = Inter-level travel time spent in this place.
 D = Time resting spent in this place.
 E = Time spent auto-exploring this place.
 F = Levels seen in this place.
 G = Mean time per level.
                   A        B        C        D        E       F      G
               +--------+--------+--------+--------+--------+-----+--------+
         Total |   2164 |   2122 |     42 |    261 |   1523 |   2 | 1082.0 |
       Dungeon |   2164 |   2122 |     42 |    261 |   1523 |   2 | 1082.0 |
               +--------+--------+--------+--------+--------+-----+--------+

Top non-repeatable levels by time:
     D:1: 1987 daAuts
     D:2: 176 daAuts
